[Event "Titled Tuesday Blitz May 23 Late 2023"]
[White "Tologon tegin, Semetei"]
[Black "Djordjevic, Dejan N"]
[WhiteFideId "13800574"]
[BlackFideId "913316"]
[WhiteElo "2247"]
[BlackElo "2261"]
[Result "1-0"]
[Round "01"]
[TimeControl "180+2"]
[Date "2023.05.23"]
[WhiteClock "0:00:04"]
[BlackClock "0:00:00"]

1. d4 Nf6 2. Nc3 d6 3. e4 g6 4. f4 Bg7 5. Nf3 O-O 6. Be3 a6 7. Bd3 b5 8. O-O Bb7 9. a3 Nbd7 10. h3 c5 11. e5 Nd5 12. Nxd5 Bxd5 13. c3 Rc8 14. Qe2 Nb6 15. Bf2 Qc7 16. Bg3 cxd4 17. cxd4 Qb7 18. f5 dxe5 19. Bxe5 f6 20. Bg3 g5 21. Nd2 Rfd8 22. Rfe1 Bf8 23. Ne4 Na4 24. Bf2 Qa8 25. Rac1 Rxc1 26. Rxc1 Rc8 27. Rxc8 Qxc8 28. Nc5 Nxc5 29. dxc5 Qc6 30. Bd4 Kf7 31. b4 Kg8 32. Bb1 h6 33. Bb2 Kg7 34. Bc3 Kg8 35. Ba2 Kg7 36. Qd2 Bxa2 37. Qxa2 Qe4 38. Qe6 Qb1+ 39. Kh2 h5 40. Qe3 Qxf5 41. c6 1-0


[Site "https://www.chess.com"]

[Event "Titled Tuesday Blitz May 23 Late 2023"]
[White "Florianovitz, Derlei Alex"]
[Black "Bernabeu Lopez, Carlos Javier"]
[WhiteFideId "2114178"]
[BlackFideId "2235366"]
[WhiteElo "1953"]
[BlackElo "2344"]
[Result "0-1"]
[Round "01"]
[TimeControl "180+2"]
[Date "2023.05.23"]
[WhiteClock "0:00:00"]
[BlackClock "0:00:41"]

1. e4 c5 2. Nf3 e6 3. d4 cxd4 4. Nxd4 Nc6 5. Nc3 Qc7 6. Be3 a6 7. a3 Nf6 8. Bd3 Bd6 9. Nxc6 bxc6 10. h3 Be5 11. O-O a5 12. f4 Bxc3 13. bxc3 d6 14. Rb1 O-O 15. Bb6 Qe7 16. e5 Nd5 17. Bd4 c5 18. exd6 Qxd6 19. Be5 Qe7 20. Bxh7+ Kxh7 21. Qh5+ Kg8 22. Bxg7 Kxg7 23. Rf3 Nxf4 24. Rxf4 f5 25. Rh4 Rg8 26. Re1 Qf6 27. Qh7+ Kf8 28. Qh5 Ra7 29. Rd1 Ke7 30. Rc4 Qg5 31. Qh7+ Rg7 0-1


[Site "https://www.chess.com"]

[Event "Titled Tuesday Blitz May 23 Late 2023"]
[White "Baghdasaryan, Vahe"]
[Black "Cagara, Paulina"]
[WhiteFideId "13303139"]
[BlackFideId "1124870"]
[WhiteElo "2216"]
[BlackElo "1967"]
[Result "0-1"]
[Round "01"]
[TimeControl "180+2"]
[Date "2023.05.23"]
[WhiteClock "0:00:00"]
[BlackClock "0:00:10"]

1. e4 c6 2. d4 d5 3. e5 c5 4. dxc5 e6 5. Bf4 Bxc5 6. c3 Nc6 7. Qg4 Bf8 8. Nf3 h5 9. Qg3 g6 10. Bd3 Nge7 11. Bg5 Qb6 12. O-O Bd7 13. Bf6 Rg8 14. Na3 a6 15. Ng5 Qxb2 16. c4 Qxa3 17. Nxf7 Kxf7 18. Rab1 Nf5 19. Qh3 Rb8 20. cxd5 exd5 21. Rfe1 Be6 22. g4 Nfd4 23. Re3 Qxa2 24. Qh4 Bh6 25. Bh8 Rxh8 26. Qf6+ Ke8 27. Bxg6+ Kd7 28. Rxb7+ Rxb7 29. Qxh8 Bxe3 30. Qg7+ Ne7 31. fxe3 Nf3+ 32. Kf1 Rb1+ 33. Bxb1 Qxb1+ 34. Kf2 Nh4 35. gxh5 Qc2+ 36. Kf1 Qd3+ 37. Kf2 Qd2+ 0-1


[Site "https://www.chess.com"]

[Event "Titled Tuesday Blitz May 23 Late 2023"]
[White "Matute Escobar, Roxanny"]
[Black "Kubicka, Anna"]
[WhiteFideId "3926028"]
[BlackFideId "1152254"]
[WhiteElo "1844"]
[BlackElo "2144"]
[Result "1-0"]
[Round "01"]
[TimeControl "180+2"]
[Date "2023.05.23"]
[WhiteClock "0:00:14"]
[BlackClock "0:00:00"]

1. e4 c5 2. Nf3 d6 3. d4 cxd4 4. Nxd4 Nf6 5. Nc3 a6 6. Be3 e5 7. Nb3 Be7 8. f3 O-O 9. Qd2 Be6 10. O-O-O Nbd7 11. Kb1 b5 12. g4 b4 13. Ne2 a5 14. g5 Ne8 15. h4 a4 16. Nbc1 b3 17. cxb3 axb3 18. a3 Nc7 19. Nc3 Na6 20. h5 Nb6 21. g6 Nc4 22. Bxc4 Bxc4 23. h6 fxg6 24. hxg7 Rf7 25. Nd5 Bxd5 26. Qxd5 Nc7 27. Qxb3 Rb8 28. Qc2 Nb5 29. Ka1 Kxg7 30. Nd3 Bg5 31. Bxg5 Qxg5 32. Nb4 Nd4 33. Qc3 Rxb4 34. axb4 Rxf3 35. Qc7+ Rf7 36. Qxd6 Rf6 37. Qe7+ Kg8 38. Qxh7+ Kf8 39. Qh8+ Ke7 40. Rh7+ Rf7 41. Rxf7+ Kxf7 42. Qh7+ Ke6 43. Qg8+ Ke7 44. Rf1 Nf3 45. Rxf3 Qg1+ 46. Ka2 Qa7+ 47. Kb3 1-0


[Site "https://www.chess.com"]

[Event "Titled Tuesday Blitz May 23 Late 2023"]
[White "Fiorito, Francisco"]
[Black "Winkels, Marcel"]
[WhiteFideId "180165"]
[BlackFideId "1003887"]
[WhiteElo "2341"]
[BlackElo "1900"]
[Result "1-0"]
[Round "01"]
[TimeControl "180+2"]
[Date "2023.05.23"]
[WhiteClock "0:00:58"]
[BlackClock "0:00:00"]

1. d4 Nf6 2. Nc3 d5 3. Bf4 c5 4. e3 a6 5. Nf3 Nc6 6. dxc5 e6 7. Bd3 Bxc5 8. O-O O-O 9. e4 d4 10. Ne2 b5 11. Ng3 Nb4 12. Be2 Bb7 13. a3 Nc6 14. Bd3 g6 15. e5 Nd5 16. Bh6 Re8 17. Qd2 Bf8 18. Rfe1 Bg7 19. Bxg7 Kxg7 20. Ne4 Rc8 21. Nd6 Qb6 22. h4 Rf8 23. Nxc8 Bxc8 24. h5 Qd8 25. g3 f6 26. Kg2 fxe5 27. Nxe5 Nxe5 28. Rxe5 Qf6 29. h6+ Kh8 30. Ree1 Bb7 31. Be4 Bc6 32. Rad1 e5 33. c3 Ne7 34. Bxc6 Nxc6 35. Qe2 a5 36. cxd4 1-0


[Site "https://www.chess.com"]

[Event "Titled Tuesday Blitz May 23 Late 2023"]
[White "Lonoff, Marc"]
[Black "Huber, Benedikt"]
[WhiteFideId "2001349"]
[BlackFideId "12923583"]
[WhiteElo "2111"]
[BlackElo "2215"]
[Result "1/2-1/2"]
[Round "01"]
[TimeControl "180+2"]
[Date "2023.05.23"]
[WhiteClock "0:00:40"]
[BlackClock "0:00:13"]

1. c4 f5 2. Nc3 Nf6 3. g3 e5 4. Bg2 Be7 5. e4 d6 6. d3 O-O 7. exf5 Nc6 8. g4 Nd4 9. Be3 c6 10. Bxd4 exd4 11. Ne4 Qa5+ 12. Kf1 Nd7 13. Qd2 Qxd2 14. Nxd2 Ne5 15. Re1 Bd8 16. Rxe5 dxe5 17. Ne4 g6 18. fxg6 hxg6 19. h3 Be7 20. Nf3 Bf6 21. Ke2 Be6 22. b3 Rae8 23. Nc5 Bc8 24. Ne4 Bg7 25. Nd6 Rd8 26. Nxc8 Rxc8 27. Ng5 Rf4 28. Be4 Rcf8 29. f3 R4f6 30. h4 a5 31. h5 gxh5 32. Nh7 hxg4 33. Nxf6+ Rxf6 34. fxg4 Bh6 35. Bf5 Be3 36. Kf3 Rf7 37. Ke4 Re7 1/2-1/2


[Site "https://www.chess.com"]

[Event "Titled Tuesday Blitz May 23 Late 2023"]
[White "Martic, Ivan"]
[Black "Torres Dominguez, David"]
[WhiteFideId "929301"]
[BlackFideId "2220857"]
[WhiteElo "2360"]
[BlackElo "1999"]
[Result "1-0"]
[Round "01"]
[TimeControl "180+2"]
[Date "2023.05.23"]
[WhiteClock "0:00:45"]
[BlackClock "0:00:35"]

1. d4 e5 2. dxe5 d6 3. e4 dxe5 4. Qxd8+ Kxd8 5. Nf3 Bd6 6. Bc4 Be6 7. Bb3 Ke7 8. O-O a6 9. Ng5 Bxb3 10. axb3 f6 11. Nf3 Nd7 12. Re1 Nh6 13. Bxh6 gxh6 14. Nh4 Ke6 15. Nd2 Rhg8 16. g3 Bc5 17. Kf1 Rad8 18. Rad1 Rge8 19. c3 Bf8 20. Ke2 Nc5 21. Rf1 a5 22. f4 b6 23. fxe5 fxe5 24. Rf5 Bg7 25. Rf3 Rf8 26. Nf5 Rf7 27. Rdf1 Rdd7 28. g4 Bf8 29. Nc4 Nxe4 30. Re3 Bd6 31. Rxe4 Rf6 32. Re3 b5 33. Nxa5 c5 34. Ref3 Rdf7 35. Nxd6 Kxd6 36. Rxf6+ Rxf6 37. Rxf6+ 1-0


[Site "https://www.chess.com"]

[Event "Titled Tuesday Blitz May 23 Late 2023"]
[White "Osiecki, Stanislaw"]
[Black "Osmak, Yuliia"]
[WhiteFideId "1102990"]
[BlackFideId "14101602"]
[WhiteElo "2088"]
[BlackElo "2303"]
[Result "0-1"]
[Round "01"]
[TimeControl "180+2"]
[Date "2023.05.23"]
[WhiteClock "0:00:00"]
[BlackClock "0:00:39"]

1. e4 c5 2. c3 d5 3. e5 Nc6 4. d4 Bf5 5. Bd3 Bxd3 6. Qxd3 e6 7. Ne2 Nge7 8. O-O Nf5 9. Ng3 g6 10. Nxf5 gxf5 11. Nd2 Bh6 12. Nf3 c4 13. Qc2 Bxc1 14. Raxc1 b5 15. a3 Kd7 16. b3 Qa5 17. bxc4 bxc4 18. Rb1 Rab8 19. Rxb8 Rxb8 20. Rb1 Qa4 21. Qc1 Qxa3 22. Qe1 Rxb1 23. Qxb1 Qb3 24. Qc1 a5 25. h4 a4 26. Nd2 Qa2 27. Nb1 Qa1 28. Kh2 Na5 29. Qa3 Qxa3 30. Nxa3 Nc6 31. Kg3 Kc7 32. Kf4 Kb6 33. Kg5 Na7 34. Kh6 Nb5 35. Nb1 a3 36. Nxa3 Nxa3 37. Kxh7 Nb5 38. h5 Nxc3 39. Kg7 Ne4 40. f4 c3 41. h6 c2 42. h7 c1=Q 43. h8=Q Qxf4 44. Qb8+ Ka5 45. Qc7+ Kb4 46. Kxf7 Qh6 47. Qb6+ Kc4 48. Qc7+ Kxd4 49. Qb6+ Kxe5 0-1


[Site "https://www.chess.com"]

[Event "Titled Tuesday Blitz May 23 Late 2023"]
[White "Guerra Tulcan, Lenin"]
[Black "Essa, Naseem Ahmed"]
[WhiteFideId "3601382"]
[BlackFideId "14316560"]
[WhiteElo "2368"]
[BlackElo "1883"]
[Result "1-0"]
[Round "01"]
[TimeControl "180+2"]
[Date "2023.05.23"]
[WhiteClock "0:00:57"]
[BlackClock "0:00:02"]

1. e4 e6 2. d4 d5 3. Nd2 Nf6 4. e5 Nfd7 5. Bd3 c5 6. c3 Nc6 7. Ne2 cxd4 8. cxd4 Qb6 9. Nf3 f6 10. exf6 Nxf6 11. O-O Bd6 12. Re1 O-O 13. Bf4 Bxf4 14. Nxf4 Ne4 15. g3 g5 16. Bxe4 gxf4 17. Bd3 fxg3 18. hxg3 e5 19. Nxe5 Nxd4 20. Qh5 Bf5 21. Bxf5 Rxf5 22. Qg4+ Kh8 23. Rad1 Re8 24. Nf7+ 1-0


[Site "https://www.chess.com"]

[Event "Titled Tuesday Blitz May 23 Late 2023"]
[White "Blackwhite017"]
[Black "Richter, Paul"]
[BlackFideId "2046350"]
[WhiteElo "2101"]
[BlackElo "2528"]
[Result "0-1"]
[Round "01"]
[TimeControl "180+2"]
[Date "2023.05.23"]
[WhiteClock "0:00:00"]
[BlackClock "0:00:11"]

1. e4 c5 2. Nf3 d6 3. d4 cxd4 4. Nxd4 Nf6 5. Nc3 g6 6. Be3 Bg7 7. f3 O-O 8. Bc4 Nc6 9. Bb3 Bd7 10. h4 h5 11. Qd2 a5 12. a4 Rb8 13. Ndb5 Rc8 14. Qf2 Be6 15. Bxe6 fxe6 16. Bb6 Qd7 17. O-O-O Ne5 18. Rhe1 Nc4 19. Bd4 Kh7 20. b3 e5 21. Ba7 Bh6+ 22. Kb1 Ng4 23. Qe2 Nge3 24. Rd3 b6 25. bxc4 Nxc4 26. Rd5 Qb7 27. Red1 Rc6 28. R1d3 Rfc8 29. g4 Bf8 30. gxh5 gxh5 31. f4 e6 32. Qxh5+ Kg8 33. Qg6+ Kh8 34. Qxe6 Qg7 35. fxe5 dxe5 36. Qd7 Be7 37. Qf5 Rf8 38. Qh5+ Rh6 39. Qe2 Bc5 40. Rd7 Qg1+ 41. Ka2 Qc1 0-1


[Site "https://www.chess.com"]

[Event "Titled Tuesday Blitz May 23 Late 2023"]
[White "Safin, Robert"]
[Black "Sailer, Mike"]
[WhiteFideId "34189120"]
[BlackFideId "2012901"]
[WhiteElo "2295"]
[BlackElo "2109"]
[Result "1-0"]
[Round "01"]
[TimeControl "180+2"]
[Date "2023.05.23"]
[WhiteClock "0:01:10"]
[BlackClock "0:00:00"]

1. e4 d5 2. exd5 Qxd5 3. Nc3 Qd6 4. Nf3 Nf6 5. d4 c6 6. Ne5 Nbd7 7. Bf4 Nxe5 8. Bxe5 Qb4 9. Qd3 Bf5 10. Qxf5 Qxb2 11. Kd2 Qxa1 12. Ba6 Qxc3+ 13. Kxc3 Nd5+ 14. Kd2 bxa6 15. Rb1 e6 16. Qd3 Bb4+ 17. Kc1 Be7 18. Bxg7 Rg8 19. Qxh7 O-O-O 20. g3 Ba3+ 21. Kd2 Bb4+ 22. Kd3 a5 23. Be5 1-0


[Site "https://www.chess.com"]

[Event "Titled Tuesday Blitz May 23 Late 2023"]
[White "Hartikainen, Jarmo"]
[Black "Taboas Rodriguez, Daniel"]
[WhiteFideId "503134"]
[BlackFideId "2208466"]
[WhiteElo "2076"]
[BlackElo "2365"]
[Result "0-1"]
[Round "01"]
[TimeControl "180+2"]
[Date "2023.05.23"]
[WhiteClock "0:00:03"]
[BlackClock "0:00:43"]

1. e4 e5 2. Nf3 Nc6 3. d4 exd4 4. Nxd4 Nf6 5. Nxc6 bxc6 6. e5 Qe7 7. Qe2 Nd5 8. Nd2 f6 9. exf6 Nxf6 10. c4 d5 11. Qxe7+ Bxe7 12. cxd5 cxd5 13. Bb5+ Bd7 14. Bxd7+ Kxd7 15. O-O Bc5 16. Nb3 Bb6 17. Bf4 Rhf8 18. Rad1 c6 19. Nd4 Rae8 20. Nf3 Nh5 21. Bg3 Nxg3 22. hxg3 Re2 23. Rd2 Rfe8 24. Rxe2 Rxe2 25. Kh2 Bxf2 26. b3 Rxa2 27. Ne5+ Kd6 28. Nf7+ Kc7 29. Ng5 Rb2 30. Nxh7 Bd4 31. Ng5 Kb6 32. Rf3 a5 33. Ne6 Bf6 34. g4 Re2 35. Nf4 Be5 36. Kh3 Bxf4 37. Rxf4 Re3+ 38. Kh4 Rxb3 39. Rf7 a4 40. g5 a3 41. Rxg7 a2 0-1


[Site "https://www.chess.com"]

[Event "Titled Tuesday Blitz May 23 Late 2023"]
[White "Ezat, Mohamed"]
[Black "Stead, Kerry"]
[WhiteFideId "10600906"]
[BlackFideId "3202577"]
[WhiteElo "2386"]
[BlackElo "1997"]
[Result "1-0"]
[Round "01"]
[TimeControl "180+2"]
[Date "2023.05.23"]
[WhiteClock "0:00:16"]
[BlackClock "0:00:07"]

1. e4 c6 2. d4 d5 3. e5 Bf5 4. Nc3 e6 5. g4 Bg6 6. Nge2 h5 7. Nf4 Ne7 8. Nxg6 Nxg6 9. gxh5 Nh4 10. Qg4 Nf5 11. Bd3 Nh6 12. Bxh6 gxh6 13. f4 Bb4 14. f5 Qg5 15. Qxg5 hxg5 16. fxe6 Rxh5 17. exf7+ Kxf7 18. O-O+ Ke7 19. Bg6 Rh4 20. Rf7+ Kd8 21. Ne2 Nd7 22. Bf5 Nb6 23. c3 Be7 24. Rf1 Rh6 25. Bg4 Ke8 26. Ng3 Rh8 27. Rg7 Nd7 28. Bxd7+ Kxd7 29. Rff7 Rae8 30. Nf5 Rhf8 31. Rxe7+ Rxe7 32. Nxe7 Ke6 33. Ng6 Rf3 34. Re7+ Kf5 35. Rf7+ Ke4 36. Rxf3 Kxf3 37. e6 Ke2 38. e7 Kd2 39. e8=Q Kc2 40. Qe2+ Kb1 41. b4 b5 42. Ne5 1-0


[Site "https://www.chess.com"]

[Event "Titled Tuesday Blitz May 23 Late 2023"]
[White "Levitan, Ronit"]
[Black "Musovic, Armin"]
[WhiteFideId "2815109"]
[BlackFideId "939935"]
[WhiteElo "1930"]
[BlackElo "2322"]
[Result "0-1"]
[Round "01"]
[TimeControl "180+2"]
[Date "2023.05.23"]
[WhiteClock "0:01:49"]
[BlackClock "0:02:43"]

1. e4 c6 2. d4 d5 3. exd5 cxd5 4. c4 Nc6 5. Nf3 Nf6 6. Nc3 Bg4 7. cxd5 Nxd5 8. Qb3 Bxf3 9. gxf3 Nb6 10. d5 Nd4 11. Bb5+ Nd7 12. Qa4 Nxb5 13. Nxb5 a6 14. Nc3 g6 15. Be3 Bg7 16. O-O O-O 17. d6 exd6 18. Ne4 Nc5 19. Nxc5 dxc5 20. Bxc5 Qg5+ 21. Kh1 Qxc5 22. Rac1 Qb5 23. Qc2 Qxb2 0-1


[Site "https://www.chess.com"]

[Event "Titled Tuesday Blitz May 23 Late 2023"]
[White "Prem, Pranav"]
[Black "dorpato"]
[WhiteFideId "30901057"]
[WhiteElo "1970"]
[BlackElo "2047"]
[Result "1-0"]
[Round "01"]
[TimeControl "180+2"]
[Date "2023.05.23"]
[WhiteClock "0:00:10"]
[BlackClock "0:00:00"]

1. d4 Nf6 2. c4 g6 3. Nc3 d5 4. cxd5 Nxd5 5. e4 Nxc3 6. bxc3 Bg7 7. Bc4 O-O 8. Ne2 c5 9. O-O Nc6 10. Be3 a6 11. Qd2 b5 12. Bb3 cxd4 13. cxd4 Bb7 14. Rac1 Rc8 15. d5 Ne5 16. Rxc8 Qxc8 17. Rc1 Qd7 18. Bd4 Rc8 19. f4 Ng4 20. Rxc8+ Qxc8 21. Bxg7 Kxg7 22. Qd4+ Kg8 23. e5 a5 24. h3 Nh6 25. g4 a4 26. Bd1 Qd7 27. Nc3 b4 28. Bxa4 Qd8 29. Qxb4 Bxd5 30. Qd4 e6 31. Bb3 Qa5 32. Bxd5 exd5 33. a4 Kf8 34. Kg2 Ng8 35. Nxd5 Qd8 36. Qc5+ Kg7 37. a5 1-0


[Site "https://www.chess.com"]

[Event "Titled Tuesday Blitz May 23 Late 2023"]
[White "Ottosen, David"]
[Black "Bruedigam, Martin"]
[WhiteFideId "2603080"]
[BlackFideId "24608033"]
[WhiteElo "2018"]
[BlackElo "2331"]
[Result "0-1"]
[Round "01"]
[TimeControl "180+2"]
[Date "2023.05.23"]
[WhiteClock "0:00:03"]
[BlackClock "0:00:08"]

1. e4 c6 2. d4 d5 3. e5 Bf5 4. Nf3 e6 5. Be2 Nd7 6. O-O a5 7. Re1 a4 8. a3 h6 9. Be3 Qb6 10. Qc1 Ne7 11. Nbd2 Bh7 12. Nf1 Ng6 13. Ng3 Be7 14. c3 O-O 15. Bxh6 gxh6 16. Qxh6 Rfc8 17. Nh5 Bf8 18. Qg5 Qd8 19. Qg3 Be7 20. Bd3 Qf8 21. Ng5 Qh6 22. Nxh7 Kxh7 23. Nf4 Nf8 24. Re3 Bg5 25. Rf3 Kg7 26. Nh3 Be7 27. Rf4 c5 28. Rg4 cxd4 29. cxd4 Rc1+ 30. Rxc1 Qxc1+ 31. Bf1 Rc8 32. Nf4 Qd2 33. h4 Rc1 34. h5 Rxf1+ 35. Kh2 Qd1 36. Rxg6+ fxg6 37. Nxe6+ Nxe6 38. Qxg6+ Kf8 39. Qxe6 Rh1+ 40. Kg3 Qxh5 41. Qc8+ Kf7 42. e6+ Kf6 0-1


[Site "https://www.chess.com"]

[Event "Titled Tuesday Blitz May 23 Late 2023"]
[White "Meunier-Pion, Jean"]
[Black "Dmitriev, Sergey"]
[WhiteFideId "20685327"]
[BlackFideId "14101785"]
[WhiteElo "2124"]
[BlackElo "2132"]
[Result "1-0"]
[Round "01"]
[TimeControl "180+2"]
[Date "2023.05.23"]
[WhiteClock "0:01:02"]
[BlackClock "0:01:31"]

1. e4 e5 2. Nf3 Nc6 3. Bb5 a6 4. Ba4 Nf6 5. d3 Be7 6. Bxc6 dxc6 7. Nxe5 Qd4 8. Nf3 Qd8 9. h3 O-O 10. O-O h6 11. Be3 Nh7 12. Nc3 Ng5 13. Nxg5 Bxg5 14. Bxg5 Qxg5 15. f4 Qg6 16. f5 Qg5 17. Qc1 Qg3 18. Ne2 Qd6 19. f6 Qe5 20. fxg7 Qxg7 21. Rf3 Kh7 22. d4 Bd7 23. Qf4 Qg5 24. Raf1 Rg8 25. Qxg5 Rxg5 26. Rxf7+ Rg7 27. Ng3 Rg8 28. Nh5 Rxf7 29. Rxf7+ Kg6 30. Rxd7 Kxh5 31. Rxc7 Rb8 32. e5 Kg5 33. Rf7 Kg6 34. Rf6+ Kg7 35. Kf2 b6 36. Ke3 Rd8 37. Rxc6 1-0


[Site "https://www.chess.com"]

[Event "Titled Tuesday Blitz May 23 Late 2023"]
[White "Castillo Pena, Patricia Evarista"]
[Black "Reprintsev, Alexander"]
[WhiteFideId "6412106"]
[BlackFideId "14100541"]
[WhiteElo "1919"]
[BlackElo "2218"]
[Result "0-1"]
[Round "01"]
[TimeControl "180+2"]
[Date "2023.05.23"]
[WhiteClock "0:00:00"]
[BlackClock "0:00:42"]

1. d4 d5 2. Nf3 Nc6 3. e3 Bg4 4. Be2 e6 5. O-O f5 6. b3 Nf6 7. Bb2 Be7 8. h3 Bxf3 9. Bxf3 O-O 10. Nd2 Ne4 11. c4 Bf6 12. Rc1 Qe8 13. a3 Qg6 14. Qe2 Qh6 15. b4 Rf7 16. Rc2 g5 17. Rfc1 Rg7 18. cxd5 exd5 19. b5 Ne7 20. Rxc7 Rf8 21. Bxe4 dxe4 22. Nf1 g4 23. hxg4 Bh4 24. Ng3 f4 25. Nxe4 fxe3 26. fxe3 Qe6 27. Rf1 Rxf1+ 28. Qxf1 Qxe4 29. d5 Qxe3+ 30. Kh1 Rf7 31. Qc1 Qxc1+ 32. Rxc1 Nxd5 33. Rc8+ Rf8 34. Rxf8+ Kxf8 35. Kh2 Nc7 36. a4 Ne6 37. Kh3 Be7 38. Kg3 Bb4 39. Kf3 Nc5 40. Bd4 b6 0-1


[Site "https://www.chess.com"]

[Event "Titled Tuesday Blitz May 23 Late 2023"]
[White "Chos, Alexey"]
[Black "Burke, Paul"]
[WhiteFideId "14117762"]
[BlackFideId "2605767"]
[WhiteElo "2234"]
[BlackElo "1892"]
[Result "1-0"]
[Round "01"]
[TimeControl "180+2"]
[Date "2023.05.23"]
[WhiteClock "0:00:05"]
[BlackClock "0:00:00"]

1. Nf3 a6 2. b3 d6 3. Bb2 Nd7 4. e4 Ngf6 5. d3 e5 6. Nbd2 g6 7. Be2 Bg7 8. O-O O-O 9. d4 Re8 10. Bd3 Nh5 11. Re1 Nf4 12. Bc4 b5 13. Bf1 f5 14. g3 fxe4 15. Nxe4 d5 16. Neg5 e4 17. gxf4 exf3 18. Qxf3 Nf6 19. Re5 h6 20. Nh3 Ne4 21. Rxe8+ Qxe8 22. c4 Nd2 23. Qxd5+ Be6 24. Qg2 Nxf1 25. Rxf1 Bf5 26. Qf3 Rd8 27. Rc1 Qd7 28. Qd5+ Qxd5 29. cxd5 Bxh3 30. Rxc7 Rxd5 31. Rc6 Bxd4 32. Bxd4 Rxd4 33. f3 Rd1+ 34. Kf2 Rd2+ 35. Kg3 Bf5 36. Rxa6 h5 37. a4 bxa4 38. bxa4 Ra2 39. a5 Bd3 40. Ra7 Ra4 41. Rd7 Bf5 42. Ra7 Bd3 43. h3 Bf5 44. Kh4 Bd3 45. Kg5 Bf5 46. h4 Bd3 47. Ra8+ Kf7 48. Ra7+ Kg8 49. a6 1-0


[Site "https://www.chess.com"]

[Event "Titled Tuesday Blitz May 23 Late 2023"]
[White "Prado, Alexandra"]
[Black "Liu, Casper"]
[WhiteFideId "3301346"]
[BlackFideId "1454153"]
[WhiteElo "1759"]
[BlackElo "2221"]
[Result "1-0"]
[Round "01"]
[TimeControl "180+2"]
[Date "2023.05.23"]
[WhiteClock "0:00:13"]
[BlackClock "0:01:52"]

1. e4 c5 2. Nc3 g6 3. g3 Bg7 4. Bg2 h5 5. h3 a6 6. a4 b6 7. d3 Bb7 8. Nf3 Nc6 9. O-O d6 10. Re1 h4 11. g4 Qd7 12. Nd5 Qd8 13. c3 e6 14. Ne3 g5 15. d4 f6 16. dxc5 dxc5 17. Nc4 Qc7 18. Nd6+ Ke7 19. Nxb7 Qxb7 20. e5 Rd8 21. Qc2 fxe5 22. Bxg5+ Kf7 23. Bxd8 Qc8 24. Bxb6 Nge7 25. Bxc5 Nd5 26. Rad1 Nf4 27. Be3 Rh6 28. Bxf4 exf4 29. Ne5+ Nxe5 30. Qe4 Qc5 31. Qxf4+ Rf6 32. Qxe5 Qxf2+ 33. Kh1 Rf3 34. Rd7+ Ke8 35. Qxe6+ Kf8 36. Qe8# 1-0


[Site "https://www.chess.com"]

[Event "Titled Tuesday Blitz May 23 Late 2023"]
[White "Carlsen, Magnus"]
[Black "Krallis, Christos"]
[WhiteFideId "1503014"]
[BlackFideId "4298896"]
[WhiteElo "2852"]
[BlackElo "2243"]
[Result "1/2-1/2"]
[Round "02"]
[TimeControl "180+2"]
[Date "2023.05.23"]
[WhiteClock "0:00:41"]
[BlackClock "0:00:05"]

1. Nf3 Nf6 2. d3 d5 3. g3 g6 4. Bg2 Bg7 5. O-O O-O 6. a4 a5 7. Nc3 Nc6 8. Bf4 Nh5 9. Bd2 Nf6 10. Re1 e5 11. Bg5 h6 12. Bxf6 Bxf6 13. Nd2 Ne7 14. e4 d4 15. Nd5 Bg7 16. Nc4 Be6 17. h4 Re8 18. h5 g5 19. Qf3 Nc8 20. b4 c6 21. bxa5 cxd5 22. exd5 g4 23. Qe2 Bxd5 24. Bxd5 Qxd5 25. Qxg4 Qe6 26. Qf3 Nd6 27. Nxd6 Qxd6 28. Rab1 Rxa5 29. Rxb7 Qf6 30. Qg4 Rxa4 31. Reb1 Raa8 32. R1b6 Qg5 33. Qf3 Rf8 34. Kg2 Ra1 35. Rb8 Qc1 36. Rxf8+ Bxf8 37. Kh3 Qh1+ 38. Qxh1 Rxh1+ 39. Kg4 Rc1 40. Rc6 e4 41. Rc4 exd3 42. Rxd4 dxc2 43. Rc4 Kg7 44. Kf5 Be7 45. g4 Bg5 46. Rc7 Kf8 47. Rc6 Bh4 48. f4 Ke7 49. g5 hxg5 50. h6 Bg3 51. h7 Rh1 52. fxg5 Rxh7 53. Rxc2 Rg7 54. Rc6 Bd6 55. Ra6 Rg6 56. Ra8 Kd7 57. Ra7+ Bc7 58. Rb7 Kc8 59. Ra7 Kd7 60. Rb7 Rb6 61. Rxb6 Bxb6 62. g6 fxg6+ 63. Kxg6 1/2-1/2


[Site "https://www.chess.com"]

[Event "Titled Tuesday Blitz May 23 Late 2023"]
[White "Iliaguev, Nisim"]
[Black "Nakamura, Hikaru"]
[WhiteFideId "2817276"]
[BlackFideId "2016192"]
[WhiteElo "2241"]
[BlackElo "2885"]
[Result "0-1"]
[Round "02"]
[TimeControl "180+2"]
[Date "2023.05.23"]
[WhiteClock "0:00:24"]
[BlackClock "0:01:29"]

1. c4 e5 2. g3 Nf6 3. Bg2 c6 4. Nc3 d5 5. cxd5 cxd5 6. d4 exd4 7. Qxd4 Nc6 8. Qa4 d4 9. Ne4 Bd7 10. Bg5 Bb4+ 11. Kf1 Be7 12. Bxf6 gxf6 13. Nf3 Qb6 14. Nfd2 Ne5 15. Qb3 f5 16. f4 Ng4 17. Nf2 Ne3+ 18. Kg1 Rc8 19. Qxb6 axb6 20. Bf3 Rc2 21. Nb3 Bc5 22. Nd3 Bb5 23. Rc1 Bxd3 24. exd3 Rxb2 25. Bxb7 Rxa2 26. h3 Rg8 27. Rh2 Rxg3+ 28. Kh1 Ra3 29. Nd2 Rxd3 30. Nf1 Nxf1 31. Rxf1 Rxh3 32. Rxh3 Rxh3+ 33. Kg2 Rc3 34. Rf3 Rxf3 35. Kxf3 Ke7 36. Ba6 Ba3 37. Bc4 Bc1 38. Bd3 h6 39. Bxf5 b5 40. Bc2 Kd6 41. Ke4 Kc5 42. Bb3 f6 43. Bf7 Be3 44. Kd3 Bxf4 45. Be6 h5 46. Bh3 b4 47. Bf5 b3 48. Be6 b2 49. Kc2 Bc1 50. Bf7 d3+ 51. Kb1 h4 52. Bb3 h3 53. Bd1 h2 54. Bf3 f5 0-1


[Site "https://www.chess.com"]

[Event "Titled Tuesday Blitz May 23 Late 2023"]
[White "Mirimanian, Hayk"]
[Black "Nihal Sarin"]
[WhiteFideId "4700180"]
[BlackFideId "25092340"]
[WhiteElo "2280"]
[BlackElo "2689"]
[Result "0-1"]
[Round "02"]
[TimeControl "180+2"]
[Date "2023.05.23"]
[WhiteClock "0:00:49"]
[BlackClock "0:02:20"]

1. e4 Nf6 2. e5 Ng8 3. d4 d6 4. exd6 cxd6 5. Nf3 Nf6 6. c4 Bg4 7. Nc3 g6 8. h3 Bxf3 9. Qxf3 Nc6 10. Be3 Bg7 11. Rd1 O-O 12. g4 Qb6 13. b3 Nd7 14. Qe4 Qa5 15. Qc2 Nb4 16. Qd2 e5 17. d5 e4 18. Nxe4 f5 19. gxf5 gxf5 20. Nxd6 f4 21. Nxb7 Nc2+ 22. Ke2 f3+ 23. Kd3 Nb4+ 0-1


[Site "https://www.chess.com"]

[Event "Titled Tuesday Blitz May 23 Late 2023"]
[White "Caruana, Fabiano"]
[Black "Tejedor Fuente, Enrique"]
[WhiteFideId "2020009"]
[BlackFideId "2299100"]
[WhiteElo "2837"]
[BlackElo "2496"]
[Result "1-0"]
[Round "02"]
[TimeControl "180+2"]
[Date "2023.05.23"]
[WhiteClock "0:00:08"]
[BlackClock "0:00:00"]

1. c4 e5 2. Nf3 Nc6 3. g3 d6 4. Nc3 Nge7 5. Bg2 g6 6. d4 Bg7 7. d5 Nb8 8. O-O O-O 9. e4 a5 10. Ne1 f5 11. Nd3 Nd7 12. Be3 b6 13. Qd2 Nf6 14. f3 Bd7 15. b3 Nh5 16. Bg5 Rf7 17. a3 Qf8 18. b4 f4 19. g4 Nf6 20. c5 h6 21. Bh4 g5 22. Bf2 Ng6 23. cxb6 cxb6 24. Bxb6 axb4 25. axb4 Rb8 26. Ba7 Rb7 27. Bf2 h5 28. h3 Bh8 29. Ra6 hxg4 30. hxg4 Qh6 31. Rxd6 Bxg4 32. Rxf6 Rxf6 33. fxg4 f3 34. Bg3 fxg2 35. Qxg2 Rxf1+ 36. Qxf1 Nf4 37. Qf3 Rf7 38. Bxf4 exf4 39. e5 Qb6+ 40. Kg2 Qd4 41. Ne2 Qc4 42. d6 Qe6 43. Nd4 Qa2+ 44. Ne2 Rh7 45. b5 Rh6 46. b6 Qb1 47. Nf2 Qxb6 48. Qd5+ Kf8 49. d7 Qd8 50. e6 Bf6 51. Ne4 Be7 52. Qf5+ Kg8 53. Qf7+ Kh8 54. Qe8+ Kg7 55. Nd6 Rxe6 56. Qf7+ Kh8 57. Qxe6 Bxd6 58. Qe8+ 1-0


[Site "https://www.chess.com"]